Unix NetHack Version 5.0.0-0 post-release - last build May  4 2026 22:22:43 (774f63e81ad911689b3a0859ea89b322d5daca8d,branch:main).

Game began 2026-05-06 10:33:33, ended 2026-05-06 10:49:22.

1142425678, neutral female human Healer

           ------
           |....|                         --------              ------------
           |...[|                         |......|              |..........|
           |.{...#####--------------   ###-.......#             |(.........|
           |....|#####-............|  ##  |......|#            #-..........|
           |.....#   #|............|  #   ..@..f.|#            #-----.------
           --.---     |............|  #   --------#            #     ###
             #        |............|####          #            #       #
           ###        |.............#             #         ####       #
           #          -----.--------#            ##         #          #
           #              ##########             #          #          ####
      -----.---                #                 #        ###             #
      |..>....|                ########################## #        #      #
      |.......|                                  #------|-#       -.------.--
      |.......|                                  #|......|#       |.........|
      ---------                                  #-.......#       |.........|
                                                  |......|        |.....[...|
                                                  --------        -----------

1142425678 the Empiric       St:11 Dx:8 Co:15 In:12 Wi:13 Ch:16  Neutral
Dlvl:1  $:1140 HP:27(28) Pw:15(15) AC:8  Xp:3 T:772  Hungry  

Latest messages:
 You see here a chest.
 You swap places with your kitten.
 You hear bubbling water.
 You see here 2 gold pieces.
 $ - 2 gold pieces (1140 in total).
 The kitten bites the newt.
 The newt is killed!
 Your kitten eats a newt corpse.
 You swap places with your kitten.
 The kitten bites the goblin.
 The goblin hits the kitten.
 The kitten misses the goblin.
 The kitten misses the goblin.
 You kill the goblin!
 You see here an iron skull cap.
 The kitten picks up an iron skull cap.
 The kitten drops an iron skull cap.
 You hit the grid bug.
 The grid bug bites!
 You get zapped!
 You miss the grid bug.
 The grid bug bites!
 You get zapped!
 You kill the grid bug!
 You are beginning to feel hungry.
 What do you want to eat? [ko or ?*] k
 Core dumped.
 The door opens.
 You miss the lichen.
 You are beginning to feel hungry.
 You miss the lichen.
 You miss the lichen.
 You hit the lichen.
 You kill the lichen!
 Welcome to experience level 3.
 The grid bug bites!
 You get zapped!
 You hit the grid bug.
 The grid bug bites!
 You get zapped!
 You miss the grid bug.
 The grid bug bites!
 You get zapped!
 You kill the grid bug!
 Beware, there will be no return!  Still climb? [yn] (n) y
 Do you want your possessions identified? [ynq] (y) y
 Do you want to see your attributes? [ynq] (y) y
 Do you want an account of creatures vanquished? [ynaq] (y) y
 Do you want to see your conduct and achievements? [ynq] (y) y
 Do you want to see the dungeon overview? [ynq] (y) y

Inventory:
 Coins    ('$')
  $ - 1140 gold pieces
 Weapons  (')')
  a - a +0 scalpel (weapon in right hand)
 Armor    ('[')
  b - an uncursed +1 pair of leather gloves (being worn)
 Comestibles  ('%')
  k - 5 uncursed apples
  o - an uncursed food ration
 Spellbooks  ('+')
  i - a blessed spellbook of extra healing
  h - a blessed spellbook of healing
  j - a blessed spellbook of stone to flesh
 Potions  ('!')
  n - an uncursed potion of enlightenment
  f - 4 uncursed potions of extra healing
  e - 3 uncursed potions of healing
 Wands    ('/')
  g - a wand of sleep (0:6)
 Tools    ('(')
  c - an uncursed stethoscope

1142425678 the Healer's attributes:

Background:
 You were an Empiric, a level 3 female human Healer.
 You were neutral, on a mission for Hermes
 who was opposed by Athena (lawful) and Poseidon (chaotic).
 You were right-handed.
 You were in the Dungeons of Doom, on level 1.
 You entered the dungeon 772 turns ago.
 You had 43 experience points, 37 more were needed to attain level 4.

Basics:
 You had 27 out of 28 hit points.
 You had all 15 energy points (spell power).
 Your armor class was 8.
 Your wallet contained 1140 zorkmids.
 Autopickup was off.

Final Characteristics:
 Your strength was 11 (limit:18/100).
 Your dexterity was 8 (limit:18).
 Your constitution was 15 (limit:18).
 Your intelligence was 12 (limit:18).
 Your wisdom was 13 (limit:18).
 Your charisma was 16 (limit:18).

Final Status:
 You were hungry.
 You were unencumbered.
 You were wielding a knife.
 You had basic skill with knife.

Final Attributes:
 You were fervently aligned.
 You were poison resistant.
 You survived.

Miscellaneous:
 You didn't encounter any bones levels.
 Total elapsed playing time was 15 minutes and 44 seconds.

Major events:
 Turn
    1: 1142425678 the neutral female human Healer entered the dungeon
  751: attained the rank of Empiric (level 3)
  772: escaped

Spells:
 Name                 Level Category     Fail Retention
 healing                1   healing        0%  91%-100%
 extra healing          3   healing        6%  91%-100%
 stone to flesh         3   healing       23%  91%-100%

Skills:
 Fighting Skills
   bare handed combat [Unskilled]
 Weapon Skills
   dagger             [Unskilled]
   knife              [Basic]
   short sword        [Unskilled]
   saber              [Unskilled]
   club               [Unskilled]
   mace               [Unskilled]
   quarterstaff       [Unskilled]
   polearms           [Unskilled]
   spear              [Unskilled]
   trident            [Unskilled]
   sling              [Unskilled]
   dart               [Unskilled]
   shuriken           [Unskilled]
   unicorn horn       [Unskilled]
 Spellcasting Skills
   healing spells     [Basic]

Voluntary challenges:
 Character rerolling was not enabled.
 You followed a strict vegan diet.
 You were an atheist.
 You were illiterate.
 You never genocided any monsters.
 You never polymorphed an object.
 You never changed form.
 You used no wishes.
Achievements:
 You entered a shop.
 You attained the rank of Empiric.

 The Dungeons of Doom: levels 1 to 3
    Level 1: <- You left from here.
       A fountain.
    Level 2:
       A general store, a sink.
    Level 3:


Vanquished creatures:
  3 jackals
  a kobold
  3 goblins
  6 grid bugs
  2 lichens
  4 newts
19 creatures vanquished.

No species were genocided or became extinct.

Goodbye 1142425678 the Healer...

You escaped from the dungeon with 296 points,
and 1140 pieces of gold, after 772 moves.
You were level 3 with a maximum of 28 hit points when you escaped.

